 Dungeon Crawl Stone Soup version 0.27-a0-1122-g2a214b436d (webtiles) character file.

Game seed: 7306379044049431410

2643 DasRunzen the Conjurer (level 9, -2/72 HPs)
             Began as a Demigod Conjurer on May 3, 2021.
             Slain by an orc knight
             ... wielding a +0 broad axe
              (34 damage)
             ... on level 7 of the Dungeon.
             The game lasted 00:26:05 (7372 turns).

DasRunzen the Conjurer (Demigod Conjurer)           Turns: 7372, Time: 00:26:06

Health: -2/72      AC: 11    Str: 16    XL:     9   Next: 13%
Magic:  28/28      EV: 14    Int: 20    God:
Gold:   749        SH:  0    Dex: 16    Spells: 14/17 levels left

rFire    . . .     SeeInvis .   o - +0 hand axe (flame)
rCold    . . .     Faith    .   (no shield)
rNeg     . . .     Spirit   .   a - +0 robe
rPois    .         Reflect  .   d - +2 hat {Will+}
rElec    .         Harm     .   (no cloak)
rCorr    .         Rampage  .   (no gloves)
Will     +....                  f - +2 pair of boots
Stlth    ++........             g - amulet of regeneration
HPRegen  1.22/turn              u - +4 ring of protection
MPRegen  0.21/turn              i - ring of magical power

@: no status effects
A: high mp 1, forlorn
a: no special abilities


You were on level 7 of the Dungeon.
You visited 1 branch of the dungeon, and saw 7 of its levels.
You also visited: Ossuary and Bailey.

You collected 749 gold pieces.

Inventory:

Hand Weapons
 b - a +0 mace
 o - a +0 hand axe of flaming (weapon)
Missiles
 l - 4 throwing nets
Armour
 a - a +0 robe (worn)
 d - a +2 hat of willpower (worn)
 f - a +2 pair of boots (worn)
 t - the +5 ring mail "Jodiem Uvuur" {Dex+3}
   (You found it on level 5 of the Dungeon)

   It affects your dexterity (+3).
Magical Staves
 c - a staff of fire
Jewellery
 e - a ring of protection from cold
 g - an amulet of regeneration (around neck)
 i - a ring of magical power (right hand)
 k - an amulet of faith
 q - a ring of ice
 u - a +4 ring of protection (left hand)
Scrolls
 m - 3 scrolls of teleportation
 r - a scroll of identify
Potions
 h - a potion of flight
 j - 2 potions of lignification
 n - a potion of invisibility
 p - a potion of mutation
 s - 2 potions of brilliance {unknown}
 v - a potion of curing
 w - a potion of ambrosia {unknown}


   Skills:
 + Level 4.6 Fighting
 + Level 4.5 Armour
 + Level 5.0 Dodging
 - Level 1.7 Stealth
 + Level 4.5 Spellcasting
 + Level 6.0 Conjurations
 + Level 4.6 Evocations


You had 14 spell levels left.
You knew the following spells:

 Your Spells              Type           Power      Damage    Failure   Level
a - Magic Dart            Conj           100%       1d8       1%          1
b - Searing Ray           Conj           56%        3d5       1%          2

Your spell library contained the following spells:

 Spells                   Type           Power      Damage    Failure   Level
 Dazzling Flash           Conj/Hex       32%        N/A       11%         3
 Fulminant Prism          Conj/Hex       8%         3d7       34%         4
 Iskenderun's Mystic Bla  Conj/Tloc      16%        2d5       34%         4


Dungeon Overview and Level Annotations

Branches:
Dungeon (7/15)             Temple (0/1) D:5         Ossuary (visited)
 Bailey (visited)

Shops:
D:6 (


Innate Abilities, Weirdness & Mutations

Your attributes grow dramatically as you level up.
You have an increased reservoir of magic. (+10% MP)
You shall have no god before yourself.


Message History

The orc knight is lightly wounded.
You finish channeling your searing ray.
The orc knight closely misses you.
There is an open gate here.
There is a gate leading back out of this place here.
The orc knight hits you with a +0 broad axe!!
The orc knight hits you with a +0 broad axe!
There is an open gate, spattered with blood here.
There is an open gate here.
You see here 415 gold pieces.
You now have 749 gold pieces (gained 415).
The orc knight hits you with a +0 broad axe!
You open the door.
A hobgoblin, an orc and an orc warrior come into view.
The orc knight completely misses you.
The hobgoblin shouts!
The orc shouts!
The orc knight hits you with a +0 broad axe!
An orc warrior comes into view. It is wielding a +0 war axe.
There is a gate leading back out of this place here.
The orc knight hits you with a +0 broad axe.
Welcome back to the Dungeon!
The orc barely misses you. The orc closely misses you.
There is an empty arch of ancient stone here.
You closely miss the orc.
You hit the orc knight but do no damage.
The orc knight roars a battlecry!
The orc goes into a battle-frenzy!
The orc closely misses you.
The orc knight hits you but does no damage.
You closely miss the orc. You barely miss the orc knight.
The orc hits you but does no damage.
The orc knight hits you with a +0 broad axe!!
The orc completely misses you.
You slash the orc! You burn the orc.
You kill the orc!
You barely miss the orc knight.
The orc knight hits you with a +0 broad axe!
You see here a +0 club.
An orc knight is nearby!
The orc knight hits you with a +0 broad axe!!
You die...

,<,* *,#.....#.^.....#....,,,,***
,,,* #...#.###..........,,,,,,,,*
,,,**##..#.###..........,,,,,,,,*
,,,,,...,#.##...........,,,,,,,,*
,,,,....,#..............,,,,,,,,*
,,,....,,#..........)...,,,,,,,,*
,,,....,.#.o............,∩,,,,,,*
,,,,,,.....#####........***,,,,,*
**,,,..........8@...####* *,,,,,*
,,*,*####.......o...# *,,,,,*
,,*,****##..8.....8.# ***,,,,,*
,,*,,,,,............# *,,,,,,,*
,,*****,..>.....)...# *,,,,,,,*
,,* ***,###8...∩...8# *,,,,,,,*
,,* *,,,**#.........# *,,,,,,,*
*** *,***#.........?# *,,,,,,,*
*****'***#..8.....8.# *,,,,,,,*


You could see an orc knight.

Vanquished Creatures
  Pikel (D:7)
  The ghost of Morrissey the Covert, a novice KoDe of Okawaru (D:4)
  Prince Ribbit (D:5)
  An orc warrior (D:6)
  2 ice beasts (D:5)
  A necrophage (D:3)
  An ogre (D:4)
  2 lemures (D:7)
  A bullfrog (D:7)
  2 gnoll sergeants
  2 wyvern zombies (D:4)
  2 scorpions (D:4)
  A centaur zombie (D:6)
  2 hounds
  A jelly (D:5)
  2 bullfrog skeletons
  A gnoll shaman (D:6)
  2 iguanas
  3 centaur skeletons
  2 orc wizards (D:6)
  A hound skeleton (D:4)
  2 mummies
  Robin (D:2)
  13 gnolls
  2 howler monkey skeletons
  8 adders
  A shadow imp (D:5)
  2 worms
  3 dart slugs
  21 orcs
  4 ball pythons
  2 endoplasms
  5 giant cockroaches
  11 goblins
  7 hobgoblins
  11 jackals
  3 quokkas
  5 bats
  3 bat simulacra (Ossuary)
  6 frilled lizards
  12 gnoll zombies (Ossuary)
  4 goblin simulacra (Ossuary)
  5 goblin zombies
  3 hobgoblin zombies (Ossuary)
  14 kobolds
  3 kobold simulacra (Ossuary)
  6 kobold zombies (Ossuary)
  6 orc zombies (Ossuary)
  3 rats
  3 spectral goblins (Ossuary)
  A spectral kobold (Ossuary)
  4 spectral rats (Ossuary)
206 creatures vanquished.

Notes
Turn   | Place    | Note
-------+----------+-------------------------------------------
     0 | D:1      | DasRunzen the Demigod Conjurer began the quest for the Orb.
     0 | D:1      | Reached XP level 1. HP: 14/14 MP: 5/5
   277 | D:1      | Reached XP level 2. HP: 22/22 MP: 2/7
   280 | D:1      | Learned a level 2 spell: Searing Ray
  1135 | D:2      | Reached XP level 3. HP: 27/27 MP: 0/8
  1217 | D:2      | Reached skill level 1 in Fighting
  1271 | D:2      | Reached skill level 1 in Armour
  1675 | D:2      | Noticed Robin
  1698 | D:2      | Killed Robin
  1785 | D:2      | Reached skill level 1 in Evocations
  1785 | D:2      | Reached XP level 4. HP: 35/35 MP: 5/10
  2317 | D:3      | Reached skill level 4 in Conjurations
  2427 | D:3      | Noticed a necrophage
  2434 | D:3      | Killed a necrophage
  2435 | D:3      | Reached XP level 5. HP: 38/41 MP: 2/11
  3121 | D:4      | Noticed an ogre
  3152 | D:4      | Killed an ogre
  3153 | D:4      | Reached XP level 6. HP: 46/48 MP: 2/13
  3254 | D:4      | Found a transporter.
  3260 | D:4      | Found a sand-covered staircase.
  3268 | Ossuary  | Entered an ossuary
  4140 | D:4      | Found a transporter.
  4140 | D:4      | Noticed Morrissey's ghost (novice KoDe)
  4491 | D:5      | Entered Level 5 of the Dungeon
  4548 | D:5      | Identified the +5 ring mail "Jodiem Uvuur" {Dex+3}
  4629 | D:5      | Reached XP level 7. HP: 25/56 MP: 1/14
  4992 | D:5      | Found a staircase to the Ecumenical Temple.
  5194 | D:5      | Reached skill level 5 in Conjurations
  5219 | D:5      | Noticed Prince Ribbit
  5227 | D:5      | Killed Prince Ribbit
  5792 | D:5      | Identified a scroll of acquirement
  5792 | D:5      | Acquired a +2 hat of willpower
  5900 | D:6      | Reached XP level 8. HP: 63/63 MP: 11/16
  6326 | D:6      | Found Maothu's Antique Weapon Boutique.
  6722 | D:4      | Killed Morrissey's ghost
  6932 | D:7      | Noticed Pikel
  6976 | D:7      | Killed Pikel
  6977 | D:7      | Reached skill level 6 in Conjurations
  6977 | D:7      | Reached XP level 9. HP: 21/72 MP: 3/19
  7071 | D:7      | Reached skill level 5 in Dodging
  7130 | D:7      | Found a flagged portal.
  7139 | Bailey   | Entered a bailey
  7313 | Bailey   | Noticed an orc knight
  7363 | Bailey   | Noticed an orc knight
  7372 | D:7      | Slain by an orc knight

Illustrated notes

Levels and vault maps discovered:
D:1:      dpeg_arrival_tiny_f, layout_basic, basic_ecumenical_altar
D:2:      layout_rooms, uniq_robin
D:3:      layout_basic, kiku_gazebo_pond_becter, gammafunk_temple_overflow_claw,
          kennysheep_generic_room_11
D:4:      layout_rooms, overflow_temple_1_default, gammafunk_ghost_mausoleum,
          enter_ossuary_4, chequers_serial_rivers_micro_e
D:5:      cheibrodos_iron_armory, layout_basic, fedhas_altar_2,
          amcnicky_altar_gilded, minmay_temple_entry_ruins, uniq_prince_ribbit1
D:6:      layout_cave_pools, serial_shops, shop
D:7:      layout_basic, kennysheep_little_box, lemuel_tele_altar,
          enter_bailey_6, minmay_shop_mayhem, uniq_pikel

Skill      XL: |  1  2  3  4  5  6  7  8  9 |
---------------+----------------------------+-----
Dodging        | 2 3 4 5 |  5.0
Spellcasting   | 2 3 4 |  4.5
Fighting       | 1 2 3 4 |  4.6
Armour         | 1 2 3 4 |  4.5
Evocations     | 1 2 3 4 |  4.6
Conjurations   | 4 5 6 |  6.0
Stealth        | |  1.7

Action                   |  1- 3 |  4- 6 |  7- 9 || total
-------------------------+-------+-------+-------++-------
Melee: Staff             |    16 |   172 |    27 ||   215
       Hand axe          |       |       |    46 ||    46
 Cast: Magic Dart        |    68 |    23 |    40 ||   131
       Searing Ray       |     6 |    29 |    38 ||    73
  Use: Scroll            |     1 |     4 |    14 ||    19
       Potion            |       |     2 |     2 ||     4
 Stab: Sleeping          |       |     4 |       ||     4
Armor: Robe              |     9 |    52 |    45 ||   106
Dodge: Dodged            |    17 |   138 |   108 ||   263

Table legend: (Time is in decaauts)
 A = Elapsed time spent in this place.
 B = Non-inter-level travel time spent in this place.
 C = Inter-level travel time spent in this place.
 D = Time resting spent in this place.
 E = Time spent auto-exploring this place.
 F = Levels seen in this place.
 G = Mean time per level.
                   A        B        C        D        E       F      G
               +--------+--------+--------+--------+--------+-----+--------+
         Total |   7411 |   7145 |    266 |    957 |   4502 |   9 |  823.4 |
       Dungeon |   6333 |   6067 |    266 |    645 |   4145 |   7 |  904.7 |
       Ossuary |    853 |    853 |      0 |    226 |    306 |   1 |  853.0 |
        Bailey |    224 |    224 |      0 |     86 |     51 |   1 |  224.0 |
               +--------+--------+--------+--------+--------+-----+--------+

Top non-repeatable levels by time:
     D:5: 1552 daAuts
     D:1: 1129 daAuts
     D:3: 999 daAuts
     D:2: 978 daAuts
     D:4: 857 daAuts
 Ossuary: 853 daAuts
     D:6: 596 daAuts
  Bailey: 224 daAuts
     D:7: 219 daAuts
